 Dungeon Crawl Stone Soup version 0.30-a0-509-gd016549fea (webtiles) character file.

Game seed: 16598272565234821266

581 XLettuce the Trooper (level 7, 0/55 HPs)
             Began as a Human Fighter on Dec 22, 2022.
             Was an Initiate of Vehumet.
             Slain by an ogre
             ... wielding a +0 giant club
              (5 damage)
             ... on level 5 of the Dungeon.
             The game lasted 00:32:59 (4223 turns).

XLettuce the Trooper (Human Fighter)                Turns: 4223, Time: 00:33:00

Health: 0/55       AC: 15    Str: 18    XL:     7   Next: 63%
Magic:  10/10      EV:  5    Int:  9    God:    Vehumet [......]
Gold:   250        SH:  4    Dex: 12    Spells: 9/10 levels left

rFire   . . .      SeeInvis .    a - +0 long sword
rCold   . . .      Faith    .    c - +0 buckler
rNeg    . . .      Spirit   .    j - +0 plate armour
rPois   .          Reflect  .    (no helmet)
rElec   .          Harm     .    (no cloak)
rCorr   .          Rampage  .    (no gloves)
Will    .....                    (no boots)
Stlth   ..........               (no amulet)
HPRegen 0.29/turn                o - +4 ring of protection
MPRegen 0.12/turn                (no ring)

@: no status effects
A: no striking features
a: Renounce Religion


You were on level 5 of the Dungeon.
You worshipped Vehumet.
Vehumet was noncommittal.
You visited 1 branch of the dungeon, and saw 5 of its levels.

You collected 250 gold pieces.

Inventory:

Hand Weapons
 a - a +0 long sword (weapon)
 p - a +0 spear
 q - a +2 mace of holy wrath
 r - a +1 dagger of electrocution
 D - a +2 short sword of draining
 E - a +0 rapier
Missiles
 h - 7 poisoned darts (quivered)
Armour
 b - a +0 scale mail
 c - a +0 buckler (worn)
 d - a +0 robe
 j - a +0 plate armour (worn)
 u - a +0 leather armour
 x - a +0 ring mail
 J - a +0 kite shield
Magical Staves
 w - a staff of cold
Jewellery
 o - a +4 ring of protection (left hand)
Wands
 B - a wand of roots (6)
 F - a wand of digging (6)
Scrolls
 e - 2 scrolls of enchant armour {unknown}
 f - a scroll of acquirement {unknown}
 g - 4 scrolls of teleportation
 i - a scroll of brand weapon {unknown}
 m - 4 scrolls of identify {unknown}
 n - 2 scrolls of enchant weapon {unknown}
 t - a scroll of magic mapping {unknown}
 v - a scroll of butterflies {unknown}
 y - a scroll of fog {unknown}
 G - a scroll of poison {unknown}
 H - a scroll of amnesia {unknown}
Potions
 k - a potion of berserk rage {unknown}
 l - 3 potions of curing
 s - 4 potions of attraction {unknown}
 z - a potion of mutation {unknown}
 A - a potion of invisibility {unknown}
 C - a potion of ambrosia {unknown}
 I - a potion of heal wounds


   Skills:
 * Level 4.6 Fighting
 + Level 3.3 Long Blades
 + Level 3.9 Armour
 + Level 1.9 Dodging
 - Level 1.5 Stealth
 + Level 3.7 Shields
 * Level 2.1 Spellcasting
 * Level 2.2 Conjurations
 + Level 1.5 Fire Magic


You had 9 spell levels left.
You knew the following spells:

 Your Spells              Type           Power      Damage    Failure   Level
a - Foxfire               Conj/Fire      16%        2x1d4     100%        1

Your spell library contained the following spells:

 Spells                   Type           Power      Damage    Failure   Level
 Leda's Liquefaction      Hex/Erth       0%         N/A       100%        4
 Fireball                 Conj/Fire      2%         3d4       100%        5
 Lee's Rapid Deconstruct  Erth           0%         3d4*      100%        5
 Starburst                Conj/Fire      2%         6d3       100%        6
 Statue Form              Tmut/Erth      0%         N/A       100%        6


Dungeon Overview and Level Annotations

Branches:
Dungeon (5/15)
 Temple: D:4-7

Altars:
Cheibriados
Dithmenos
Gozag
Hepliaklqana
Okawaru
Qazlal
Uskayaw
Vehumet
Xom
The Shining One

Shops:
D:2 !   D:3 *

Annotations:
D:2 Potion shop


Message History

l - 4 potions of curing (gained 1);
I - a potion of heal wounds You see here a +0 kite shield.
You hear the brisk rusting of a very distant drain.
Found a stone staircase leading up.
Unknown command.
You see here a +0 kite shield.
J - a +0 kite shield
There is a stone staircase leading down here.
A sourceless malevolence fills the Dungeon... and a teleportation trap spontaneously manifests!
You are yanked towards a nearby monster!
Your surroundings suddenly seem different.
An ogre comes into view. It is wielding a +0 giant club.
Found 2 stones.
The ogre shouts!
Found a stone staircase leading down.
The ogre hits you with a +0 giant club!
You barely miss the ogre.
The ogre hits you with a +0 giant club!!
You hit the ogre.
The ogre is lightly wounded.
The ogre hits you with a +0 giant club!
* * * LOW HITPOINT WARNING * * *
You feel better.
You slash the ogre!
The ogre is heavily wounded.
The ogre barely misses you.
You closely miss the ogre.
The ogre is moderately wounded.
You hear the brisk rusting of a distant drain.
You block the ogre's attack.
You slash the ogre!
The ogre is severely wounded.
The ogre barely misses you.
You slash the ogre!
The ogre is almost dead.
The ogre hits you with a +0 giant club!
* * * LOW HITPOINT WARNING * * *
You hit the ogre.
The ogre is almost dead.
The ogre hits you with a +0 giant club.
You die...

... ># ... #. .# .. ..
#.(. #.###.. ..# #...
....... ..#
.#...####........ #.#
..............(... #.#
........O.........####.##
........@................
.........................
.........................
.........##......####'##+
.........# #####.. #†...
########## #.# #....
#..##.... #.......
###.....


You could see an ogre.

Vanquished Creatures
  A water moccasin (D:5)
  Blork the orc (D:4)
  2 hounds
  A jelly (D:5)
  2 orc priests
  An iguana (D:5)
  Natasha (twice) (D:4)
  2 orc wizards
  5 adders
  An ufetubus (D:3)
  2 dart slugs
  14 orcs
  12 ball pythons
  2 endoplasms
  2 giant cockroaches
  4 hobgoblins
  4 bats
  4 kobolds
  10 rats
72 creatures vanquished.

Vanquished Creatures (others)
  An orc wizard (D:2)
1 creature vanquished.

Grand Total: 73 creatures vanquished

Notes
Turn   | Place    | Note
-------+----------+-------------------------------------------
     0 | D:1      | XLettuce the Human Fighter began the quest for the Orb.
     0 | D:1      | Reached XP level 1. HP: 18/18 MP: 1/1
   568 | D:1      | Found a faded altar of an unknown god.
   608 | D:1      | Reached XP level 2. HP: 24/24 MP: 2/2
   953 | D:2      | Found Qiust's Distillery.
   976 | D:2      | Reached XP level 3. HP: 29/29 MP: 3/3
  1025 | D:2      | Reached skill level 1 in Stealth
  1025 | D:2      | Reached XP level 4. HP: 6/35 MP: 4/4
  1178 | D:2      | Found a snail-covered altar of Cheibriados.
  1200 | D:2      | Learned a level 1 spell: Foxfire
  1649 | D:3      | Reached skill level 1 in Dodging
  1693 | D:3      | Found a snail-covered altar of Cheibriados.
  1807 | D:3      | Found a radiant altar of Vehumet.
  1826 | D:3      | Became a worshipper of Vehumet
  1929 | D:3      | Reached XP level 5. HP: 31/42 MP: 5/5
  2067 | D:3      | Found Gozag's Platinum Reserve.
  2071 | D:3      | Found an opulent altar of Gozag.
  2086 | D:3      | Found a stormy altar of Qazlal.
  2390 | D:3      | Reached skill level 1 in Spellcasting
  2445 | D:3      | Found a glowing golden altar of the Shining One.
  2499 | D:3      | Found an iron altar of Okawaru.
  2500 | D:3      | Found a shadowy altar of Dithmenos.
  2502 | D:3      | Found a hazy altar of Hepliaklqana.
  2508 | D:3      | Reached skill level 4 in Fighting
  2508 | D:3      | Reached XP level 6. HP: 48/48 MP: 7/7
  2790 | D:4      | Found a shimmering altar of Xom.
  2790 | D:4      | Found a shimmering altar of Xom.
  2791 | D:4      | Found a shimmering altar of Xom.
  2793 | D:4      | Found a shimmering altar of Xom.
  2822 | D:4      | Noticed Natasha
  3083 | D:4      | Found a hide-covered altar of Uskayaw.
  3126 | D:4      | Noticed Blork the orc
  3141 | D:4      | Killed Blork the orc
  3142 | D:4      | Reached skill level 1 in Conjurations
  3161 | D:4      | Reached skill level 1 in Fire Magic
  3766 | D:4      | Killed Natasha
  3767 | D:4      | Reached XP level 7. HP: 52/54 MP: 9/9
  3779 | D:4      | Noticed Natasha
  3787 | D:4      | Killed Natasha
  3831 | D:5      | Entered Level 5 of the Dungeon
  3953 | D:5      | Noticed a water moccasin
  3979 | D:5      | Killed a water moccasin
  4223 | D:5      | Slain by an ogre

Illustrated notes

Levels and vault maps discovered:
D:1:      lightli_arrival_isolated_outpost, layout_basic,
          hellmonk_ecumenical_altar_inner_sanctum, minivault_5, minivault_5
D:2:      layout_basic, serial_shops, shop, basic_altar, minmay_tetromino_l4
D:3:      layout_basic, vehumet_crystals, nicolae_gozag_zags_fifth_avenue,
          mainiacjoe_overflow_alcove_1,
          chequers_temple_overflow_statue_of_worship,
          nicolae_qazlal_general_emergency, kennysheep_slug_shrine
D:4:      layout_loops_cross, xom_redecorated,
          nicolae_uskayaw_murder_on_the_dancefloor, hex_medium, st_stairs_8,
          uniq_blork_the_orc, uniq_natasha
D:5:      layout_basic, cheibrodos_sewer_entry_bend

Skill      XL: |  1  2  3  4  5  6  7 |
---------------+----------------------+-----
Stealth        | 1 |  1.5
Dodging        | 1 |  1.9
Spellcasting   | 1 2 |  2.1
Fighting       | 4 |  4.6
Long Blades    | 3 |  3.3
Conjurations   | 1 2 |  2.2
Fire Magic     | 1 |  1.5
Armour         | |  3.9
Shields        | |  3.7

Action                   |  1- 3 |  4- 6 |  7- 9 || total
-------------------------+-------+-------+-------++-------
Melee: Long sword        |    66 |   227 |    73 ||   366
       Mace              |     8 |       |       ||     8
Throw: Dart              |       |       |     3 ||     3
  Use: Potion            |     2 |     3 |     1 ||     6
       Scroll            |       |     1 |       ||     1
Armor: Scale mail        |    16 |       |       ||    16
       Plate armour      |    39 |   214 |    61 ||   314
Dodge: Dodged            |    24 |    67 |    14 ||   105
Block: Buckler           |    18 |    52 |    13 ||    83

Table legend: (Time is in decaauts)
 A = Elapsed time spent in this place.
 B = Non-inter-level travel time spent in this place.
 C = Inter-level travel time spent in this place.
 D = Time resting spent in this place.
 E = Time spent auto-exploring this place.
 F = Levels seen in this place.
 G = Mean time per level.
                   A        B        C        D        E       F      G
               +--------+--------+--------+--------+--------+-----+--------+
         Total |   4338 |   4051 |    287 |    309 |   2146 |   5 |  867.6 |
       Dungeon |   4338 |   4051 |    287 |    309 |   2146 |   5 |  867.6 |
               +--------+--------+--------+--------+--------+-----+--------+

Top non-repeatable levels by time:
     D:3: 1171 daAuts
     D:4: 1071 daAuts
     D:1: 946 daAuts
     D:2: 739 daAuts
     D:5: 410 daAuts
